 Dungeon Crawl Stone Soup version 0.27.0-1-g7a089689b8 (console) character file.

Game seed: 3451513305405829229

103 FIQ the Cudgeller (level 4, -3/34 HPs)
             Began as a Demonspawn Gladiator on Aug 14, 2021.
             Was an Initiate of Ru.
             Slain by an adder (4 damage)
             ... on level 4 of the Dungeon.
             The game lasted 00:04:54 (3770 turns).

FIQ the Cudgeller (Demonspawn Gladiator)            Turns: 3770, Time: 00:04:55

Health: -3/34      AC:  5    Str: 15 (16) XL:     4   Next: 51%
Magic:  4/4        EV: 12    Int:  8 (9)  God:    Ru [......]
Gold:   118        SH:  0    Dex: 11 (14) Spells: 3/3 levels left

rFire    . . .     SeeInvis +   a - +1 flail
rCold    . . .     Faith    .   (no shield)
rNeg     . . .     Spirit   .   b - +0 leather armour
rPois    .         Reflect  .   c - +0 helmet
rElec    .         Harm     .   (no cloak)
rCorr    .         Rampage  .   (no gloves)
Will     .....                  (no boots)
Stlth    +.........             (no amulet)
HPRegen  0.11/turn              h - ring of see invisible
MPRegen  0.09/turn              (no ring)

@: lethally poisoned (-3 -> -4)
A: powered by death 1, powered by pain 1, sharp scales 1
a: Renounce Religion


You were on level 4 of the Dungeon.
You worshipped Ru.
Ru was noncommittal.
You visited 1 branch of the dungeon, and saw 4 of its levels.

You collected 118 gold pieces.

Inventory:

Hand Weapons
 a - a +1 flail (weapon)
Missiles
 d - 3 throwing nets (quivered)
Armour
 b - a +0 leather armour (worn)
 c - a +0 helmet (worn)
Jewellery
 h - a ring of see invisible (left hand)
Scrolls
 j - a scroll of enchant armour {unknown}
 k - a scroll of noise
Potions
 g - a potion of resistance
 l - a potion of flight {unknown}
 o - a potion of attraction {unknown}


   Skills:
 + Level 2.8 Fighting
 + Level 3.4 Maces & Flails
 - Level 1.7 Throwing
 + Level 1.5 Armour
 + Level 3.3 Dodging


You had 3 spell levels left.
You didn't know any spells.
Your spell library was empty.

Dungeon Overview and Level Annotations

Branches:
Dungeon (4/15)
 Temple: D:4-7

Altars:
Ru

Shops:
D:1 (


Innate Abilities, Weirdness & Mutations

You regenerate a little health from kills.
You sometimes gain a little power by taking damage.
You are partially covered in razor-sharp scales. (AC +1, Slay +1)


Message History

You feel sick.
You are no longer poisoned.
You climb downwards.
There is a stone staircase leading up here.
You are no longer corroded.
Your extra speed is starting to run out.
You feel yourself slow down.
You start to feel less resistant.
Your resistance to elements expires.
An adder comes into view.
An adder is nearby!
The adder hisses angrily.
An adder is nearby!
The adder closely misses you.
You sock the adder!
The adder is severely wounded.
The adder barely misses you.
You hit the adder.
The adder is almost dead.
The adder closely misses you. The adder bites you.
You are poisoned.
The adder poisons you!
You miss the adder.
The adder is almost dead.
You feel sick. The adder closely misses you. x2
You closely miss the adder.
The adder is almost dead.
You feel sick. The adder bites you.
* * * LOW HITPOINT WARNING * * *
You closely miss the adder.
The adder is almost dead.
You feel sick. The adder bites you.
* * * LOW HITPOINT WARNING * * *
The adder bites you.
* * * LOW HITPOINT WARNING * * *
You barely miss the adder.
The adder is almost dead.
* * * LOW HITPOINT WARNING * * *
You feel sick. The adder bites you.
You die...

.. ## ..#...#.#
...#. ........#
##.#.###.......
..............
........)...#
.........!..##
.............##
.... #@S.....#
..... ###.....#
#.....###..####
#...S.....#
#...##..#.<# .
....#####
...... #.....#
######


You could see an adder.

Vanquished Creatures
  2 adders
  A worm (D:3)
  A dart slug (D:3)
  3 orcs (D:3)
  9 ball pythons (D:2)
  11 endoplasms
  4 giant cockroaches (D:2)
  6 goblins
  7 hobgoblins
  6 jackals
  3 kobolds
  8 bats
  9 rats
70 creatures vanquished.

Notes
Turn   | Place    | Note
-------+----------+-------------------------------------------
     0 | D:1      | FIQ the Demonspawn Gladiator began the quest for the Orb.
     0 | D:1      | Reached XP level 1. HP: 16/16 MP: 1/1
   253 | D:1      | Found Rego's Antique Weapon Boutique.
   284 | D:1      | Gained mutation: You sometimes gain a little power by
                  | taking damage. [demonic ancestry]
   284 | D:1      | Reached XP level 2. HP: 22/22 MP: 2/2
   819 | D:1      | Found a faded altar of an unknown god.
  1245 | D:2      | Reached skill level 1 in Armour
  1279 | D:2      | Gained mutation: You regenerate a little health from kills.
                  | [demonic ancestry]
  1279 | D:2      | Reached XP level 3. HP: 26/28 MP: 3/3
  2279 | D:3      | Found a sacrificial altar of Ru.
  2815 | D:3      | Gained mutation: You are partially covered in razor-sharp
                  | scales. (AC +1, Slay +1) [demonic ancestry]
  2815 | D:3      | Reached XP level 4. HP: 28/34 MP: 4/4
  3561 | D:3      | Became a worshipper of Ru the Awakened
  3608 | D:3      | HP: 1/34 [poisoned by an adder]
  3769 | D:4      | HP: 1/34 [adder (4)]
  3770 | D:4      | Slain by an adder

Illustrated notes

Levels and vault maps discovered:
D:1:      saegor_arrival_simple_e, layout_loops_ring,
          hellmonk_ecumenical_altar_lost_god, serial_shops,
          nicolae_lakefront_shop
D:2:      layout_rooms, minmay_misc_feat_x
D:3:      layout_basic, lemuel_doored_altar, hex_intersection
D:4:      minmay_bubble_buster, layout_cave_pools, uniq_ijyb

Skill      XL: |  1  2 |
---------------+-------+-----
Maces & Flails | 3 |  3.4
Dodging        | 3 |  3.3
Armour         | 1 |  1.5
Fighting       | |  2.8
Throwing       | |  1.7

Action                   |  1- 3 |  4- 6 || total
-------------------------+-------+-------++-------
Melee: Flail             |   181 |    49 ||   230
  Use: Scroll            |     6 |       ||     6
       Potion            |       |     4 ||     4
 Stab: Sleeping          |     1 |     1 ||     2
Armor: Leather armour    |    66 |    22 ||    88
Dodge: Dodged            |   147 |    56 ||   203
